 Dungeon Sprint DCSS version 0.17-a0-1184-gb75be8f (webtiles) character file.

28 Kidiri the Grave Robber (level 3, 0/19 HPs)
             Began as a Deep Elf Necromancer on June 1, 2015.
             Slain by a phantom (7 damage)
             ... in the Dungeon (Sprint III: "The Ten Rune Challenge").
             The game lasted 00:03:02 (619 turns).

Kidiri the Grave Robber (Deep Elf Necromancer)       Turns: 619, Time: 00:03:02

Health: 0/19       AC:  2    Str:  5    XL:     3   Next: 0%
Magic:  9/12       EV: 14    Int: 20    God:
Gold:   13         SH:  0    Dex: 15    Spells: 4 memorised, 5 levels left

rFire  + . .     SeeInvis .     (no weapon)
rCold  . . .     Clarity  .     a - +0 robe
rNeg   . . .     SustAt   .     (no shield)
rPois  .         Gourm    .     (no helmet)
rElec  .         Spirit   .     (no cloak)
rCorr  .         Warding  .     (no gloves)
rMut   .         NoTele   +     (no boots)
MR     .....                    (no amulet)
Stlth  +++.......               (no ring)
                                j - ring of protection from fire

@: hasted, very quick, not resistant to hostile enchantments, fairly stealthy
A: no striking features
a: no special abilities


You were in the Dungeon.
You were not hungry.

You visited 1 branch You collected 13 gold pieces.

Inventory:

Armour
 a - a +0 robe (worn)
 k - a +0 scale mail
Jewellery
 j - a ring of protection from fire (left hand)
Scrolls
 i - a scroll of blinking
 l - 2 scrolls of identify {unknown}
 m - 2 scrolls of immolation {unknown}
 n - 2 scrolls of remove curse
 r - a scroll of magic mapping {unknown}
Potions
 d - 3 potions of curing
 e - a potion of heal wounds
 g - 2 potions of magic
 h - a potion of berserk rage
 o - a potion of cure mutation {unknown}
 p - 2 potions of mutation {unknown}
 s - a potion of lignification {unknown}
 t - 2 potions of flight
Books
 b - a book of Necromancy

   Spells                             Type                      Level
   a - Pain                           Necromancy                   1
   b - Animate Skeleton               Necromancy                   1
   c - Vampiric Draining              Necromancy                   3
   d - Regeneration                   Charms/Necromancy            3
   e - Animate Dead                   Necromancy                   4
   f - Control Undead                 Necromancy                   4
Comestibles
 c - a bread ration
 q - a royal jelly
 u - a meat ration


   Skills:
 + Level 3.6 Dodging
 + Level 3.7 Stealth
 * Level 5.6 Spellcasting
 * Level 6.4 Necromancy


You had 5 spell levels left.
You knew the following spells:

 Your Spells              Type           Power        Failure   Level  Hunger
a - Pain                  Necr           ####         1%          1    None
b - Animate Skeleton      Necr           N/A          1%          1    None
c - Vampiric Draining     Necr           ####......   2%          3    ##.....
d - Regeneration          Chrm/Necr      ###.......   10%         3    ##.....


Dungeon Overview and Level Annotations

Branches:
Dungeon (1/1)

Altars:


Message History

You hit the phantom but do no damage.
The phantom is lightly damaged.
The phantom closely misses you.
You hit the phantom.
The phantom is moderately damaged.
The phantom barely misses you.
You barely miss the phantom.
The phantom is moderately damaged.
The phantom hits you!
Ouch! That really hurt!
You hit the phantom but do no damage.
The phantom is moderately damaged.
Your skin stops crawling.
The phantom barely misses you.
You miss the phantom.
The phantom is moderately damaged.
The phantom hits you.
Drink which item? (? for menu, Esc to quit)
You feel yourself speed up. The phantom hits you!
You die...

▓▓▓▓▓▓▓▓▓ ▓▓
▓<..#...#### #.#
▓...#......#####..#
▓..##.......#..#..#
▓##.##.##...#@.#..#
##.##.###..##W#..#
▓#.####.##..###...+
▓.###..##..####...#
▓#.....##..###....#
###..##...##.....#
##..##....#......#
#..###..##.#.....#
#..# #..#####....#


You could see a phantom.

Vanquished Creatures
  A human (D)
  2 oozes (D)
  2 rats (D)
5 creatures vanquished.

Vanquished Creatures (others)
  A draconian scorcher (D)
  A yaktaur (D)
  2 plants (D)
4 creatures vanquished.

Grand Total: 9 creatures vanquished

Notes
Turn   | Place    | Note
--------------------------------------------------------------
     0 | D        | Kidiri the Deep Elf Necromancer began the quest for the Orb.
     0 | D        | Reached XP level 1. HP: 10/10 MP: 6/6
    10 | D        | Reached skill level 5 in Necromancy
    13 | D        | Killed a yaktaur
    50 | D        | Learned a level 1 spell: Animate Skeleton
   211 | D        | Reached XP level 2. HP: 12/15 MP: 6/9
   368 | D        | Reached skill level 5 in Spellcasting
   368 | D        | Reached skill level 6 in Necromancy
   368 | D        | Reached XP level 3. HP: 8/19 MP: 1/12
   373 | D        | Learned a level 3 spell: Vampiric Draining
   377 | D        | Learned a level 3 spell: Regeneration
   507 | D        | Killed a white draconian scorcher
   619 | D        | Slain by a phantom

Vault maps used:
D:        dungeon_sprint_mu

Action                   || total
-------------------------++-------
Melee: Unarmed           ||    21
 Cast: Pain              ||    16
       Animate Skeleton  ||     1
       Regeneration      ||     2
  Use: Potion            ||     1
